 Dungeon Crawl Stone Soup version 0.19-a0-1792-g28b16ba (webtiles) character file.

2408 Alarkh the Conjurer (level 9, 0/57 HPs)
             Began as a Mummy Wizard on Oct 4, 2016.
             Slain by an orc warrior
             ... wielding a +0 war axe
              (26 damage)
             ... on level 8 of the Dungeon.
             The game lasted 00:13:40 (8729 turns).

Alarkh the Conjurer (Mummy Wizard)                  Turns: 8729, Time: 00:13:40

Health: 0/57       AC: 10    Str: 10    XL:     9   Next: 23%
Magic:  2/18       EV: 12    Int: 20    God:
Gold:   144        SH:  0    Dex: 11    Spells: 5 memorised, 9 levels left

rFire  x . .     SeeInvis +     v - +0 falchion
rCold  + . .     Gourm    .     g - +0 robe
rNeg   + + +     Faith    .     (no shield)
rPois  ∞         Spirit   .     z - +0 helmet
rElec  .         Dismiss  .     H - +2 cloak {MR+}
rCorr  .         Reflect  .     t - +2 pair of gloves
MR     ++...     Harm     .     s - +0 pair of boots (curse)
Stlth  +.........               w - amulet of rage
                                o - ring of loudness (curse)
                                r - ring of see invisible

@: very slightly contaminated
A: no food or potions, fire vulnerability, cold resistance 1, negative energy
resistance 3, torment resistance, unbreathing
a: no special abilities


You were on level 8 of the Dungeon.
You were not hungry.

You visited 1 branch of the dungeon, and saw 8 of its levels.

You collected 365 gold pieces.
You spent 221 gold pieces at shops.

Inventory:

Hand Weapons
 a - a +0 dagger
 v - a +0 falchion (weapon)
 I - a +3 quarterstaff of chaos
Armour
 b - a +0 hat
 g - a +0 robe (worn)
 l - a +0 pair of boots
 s - a cursed +0 pair of boots (worn)
 t - a +2 pair of gloves (worn)
 y - a +2 pair of boots
 z - a +0 helmet (worn)
 H - a +2 cloak of magic resistance (worn)
Magical Staves
 q - an uncursed staff of cold
Jewellery
 n - an uncursed ring of protection from magic
 o - a cursed ring of loudness (right hand)
 r - a ring of see invisible (left hand)
 w - an amulet of rage (around neck)
 A - an uncursed ring of protection from cold {unknown}
 F - an uncursed ring of wizardry {unknown}
Wands
 u - a wand of iceblast (5/15)
 x - a wand of flame (14/48)
Scrolls
 d - a scroll of fog
 e - 2 scrolls of identify
 f - a scroll of magic mapping
 h - 4 scrolls of fear
 i - 3 scrolls of blinking
 j - 2 scrolls of amnesia
 k - 5 scrolls of teleportation
 m - 2 scrolls of enchant weapon
 p - 3 scrolls of random uselessness
 B - a scroll of enchant armour
 C - a scroll of torment
 D - a scroll of recharging
 E - a scroll of immolation {unknown}
 J - a scroll of remove curse {unknown}
Books
 c - a book of Minor Magic

   Spells                             Type                      Level
   a - Magic Dart                     Conjuration                  1
   b - Blink                          Translocation                2
   c - Call Imp                       Summoning                    2
   d - Repel Missiles                 Charms/Air                   2
   e - Slow                           Hexes                        2
   f - Conjure Flame                  Conjuration/Fire             3
   g - Mephitic Cloud                 Conjuration/Poison/Air       3
 G - a book of Frost

   Spells                             Type                      Level
   a - Freeze                         Ice                          1
   b - Throw Frost                    Conjuration/Ice              2
   c - Ozocubu's Armour               Charms/Ice                   3
   d - Throw Icicle                   Conjuration/Ice              4
   e - Summon Ice Beast               Ice/Summoning                4


   Skills:
 * Level 5.9 Long Blades
 - Level 1.5 Dodging
 - Level 1.5 Stealth
 - Level 6.0 Spellcasting
 - Level 7.0 Conjurations
   Level 0.7 Summonings
 - Level 0.7 Translocations


You had 9 spell levels left.
You knew the following spells:

 Your Spells              Type           Power        Failure   Level  Hunger
a - Magic Dart            Conj           ####         1%          1    N/A
b - Blink                 Tloc           N/A          14%         2    N/A
c - Mephitic Cloud        Conj/Pois/Air  ###.....     14%         3    N/A
d - Repel Missiles        Chrm/Air       #.....       17%         2    N/A
e - Conjure Flame         Conj/Fire      ###.....     10%         3    N/A

Dungeon Overview and Level Annotations

Branches:
Dungeon (8/15)             Temple (0/1) D:7
   Lair: D:8-11

Altars:
Trog

Shops:
D:5 *


Innate Abilities, Weirdness & Mutations

You do not eat or drink.
Your flesh is vulnerable to fire.
You are immune to poison.
Your flesh is cold resistant. (rC+)
You are immune to negative energy. (rN+++)
You are immune to unholy pain and torment.
You can survive without breathing.


Message History

The gnoll appears confused.
The gnoll hits you with a flail.
You hit the gnoll but do no damage.
The gnoll is heavily wounded.
The orc warrior hits the gnoll with a war axe!
The gnoll is killed!
The orc warrior barely misses you.
You see here a flail.
You hit the orc warrior.
The orc warrior is moderately wounded.
You hit the orc warrior but do no damage.
The orc warrior is moderately wounded.
You hit the orc warrior.
The orc warrior is heavily wounded.
The orc warrior seems less confused.
The orc warrior hits you with a war axe!
You barely miss the orc warrior.
The orc warrior is heavily wounded.
The orc warrior hits you with a war axe.
The orc warrior hits you with a war axe!!
You die...

#.........####...#.###
##.......## ##.##<#
##.....## ####.#
##...## #.# ##'## #.#
#.# #.# #.# #.# ##)##
#.# ##.@.## ##### #.#
#...o.# #...# #.#
##...####...####.#
##.##........##.#
#######)##.........).#
..................####
#######.##.##...###
#.##.##...#
#†##.####.#


You could see an orc warrior.

Vanquished Creatures
  A hippogriff (D:8)
  A hungry ghost (D:8)
  3 black bears
  6 bullfrogs
  A gnoll sergeant (D:8)
  A scorpion (D:4)
  4 howler monkeys
  A crimson imp (D:7)
  A centaur zombie (D:7)
  Crazy Yiuf (D:7)
  A bullfrog zombie (D:5)
  3 hounds
  4 jellies
  6 orc priests
  3 orc wizards
  2 bullfrog skeletons
  2 centaur skeletons
  2 iguanas (D:7)
  Natasha (thrice) (D:4)
  5 worker ants
  A hound zombie (D:5)
  3 hound skeletons
  3 gnolls (D:8)
  12 adders
  2 shadow imps
  An ooze (D:4)
  An adder zombie (D:7)
  2 adder skeletons
  3 worms
  4 dart slugs
  A leopard gecko (D:2)
  17 orcs
  5 giant cockroaches
  8 hobgoblins
  6 jackals
  4 kobolds
  5 quokkas
  A ball python (D:4)
  7 bats
  2 frilled lizards
  10 goblins
  A leopard gecko skeleton (D:6)
  A leopard gecko zombie (D:5)
  A quokka zombie (D:6)
  5 rats
157 creatures vanquished.

Vanquished Creatures (others)
  A plant (D:5)
1 creature vanquished.

Grand Total: 158 creatures vanquished

Notes
Turn   | Place    | Note
-------+----------+-------------------------------------------
     0 | D:1      | Alarkh the Mummy Wizard began the quest for the Orb.
     0 | D:1      | Reached XP level 1. HP: 13/13 MP: 4/4
   119 | D:1      | Reached skill level 1 in Conjurations
   309 | D:1      | Reached XP level 2. HP: 16/19 MP: 1/6
   964 | D:2      | Reached skill level 2 in Conjurations
   995 | D:2      | Reached XP level 3. HP: 24/24 MP: 0/7
  2046 | D:3      | Reached XP level 4. HP: 30/30 MP: 3/9
  2059 | D:3      | Learned a level 2 spell: Blink
  2066 | D:3      | Learned a level 2 spell: Repel Missiles
  2070 | D:3      | Learned a level 3 spell: Conjure Flame
  2726 | D:3      | Reached skill level 3 in Conjurations
  3350 | D:4      | Reached XP level 5. HP: 34/35 MP: 3/10
  3447 | D:4      | Learned a level 3 spell: Mephitic Cloud
  3595 | D:4      | Noticed Natasha
  3601 | D:4      | Killed Natasha
  3689 | D:4      | Reached skill level 4 in Conjurations
  3815 | D:4      | Reached XP level 6. HP: 32/41 MP: 0/12
  4238 | D:4      | Noticed Natasha
  4244 | D:4      | Killed Natasha
  4356 | D:4      | Noticed Natasha
  4361 | D:4      | Killed Natasha
  4441 | D:5      | Entered Level 5 of the Dungeon
  4617 | D:5      | Reached skill level 5 in Conjurations
  4621 | D:5      | Reached XP level 7. HP: 46/46 MP: 2/14
  4893 | D:5      | Reached skill level 5 in Spellcasting
  5035 | D:5      | Found Puloc's Assorted Antiques.
  5040 | D:5      | Bought a pair of glowing boots for 117 gold pieces
  5891 | D:6      | Reached skill level 6 in Conjurations
  6166 | D:6      | Found a bloodstained altar of Trog.
  6253 | D:5      | Bought 2 scrolls labeled MYANE BIEJ for 52 gold pieces
  6588 | D:7      | Reached XP level 8. HP: 52/52 MP: 11/16
  6760 | D:5      | Bought a scroll labeled ZUAGYM WOKO for 26 gold pieces
  6761 | D:5      | Bought a scroll labeled LUIZXE VITOC for 26 gold pieces
  6941 | D:7      | Reached skill level 7 in Conjurations
  7025 | D:7      | Reached skill level 1 in Long Blades
  7516 | D:7      | Found a runed door.
  7733 | D:7      | Found a staircase to the Ecumenical Temple.
  7939 | D:7      | Noticed Crazy Yiuf
  7947 | D:7      | Killed Crazy Yiuf
  8167 | D:8      | Noticed a hippogriff
  8179 | D:8      | Killed a hippogriff
  8179 | D:8      | Reached XP level 9. HP: 47/57 MP: 4/18
  8259 | D:8      | Reached skill level 5 in Long Blades
  8729 | D:8      | Slain by an orc warrior

Vault maps used:
D:1:      minmay_arrival_nine_rooms
D:2:      first_bread, small_statue_intersection
D:4:      serial_glass, glass_columns_a, glass_columns_a, uniq_natasha
D:5:      serial_shops, kennysheep_little_box, grunt_ministairs_2,
          serial_bayou_lake_a
D:6:      basic_altar
D:7:      uniq_crazy_yiuf_cottage
D:8:      hangedman_little_slice_of_home

Skill      XL: |  1  2  3  4  5  6  7  8  9 |
---------------+----------------------------+-----
Conjurations   | 1 2 3 4 5 6 7 |  7.0
Spellcasting   | 4 5 6 |  6.0
Long Blades    | 4 5 |  5.9
Dodging        | |  1.5
Stealth        | |  1.5
Summonings     | |  0.7
Translocations | |  0.7

Action                   |  1- 3 |  4- 6 |  7- 9 || total
-------------------------+-------+-------+-------++-------
Melee: Unarmed           |     4 |       |       ||     4
       Dagger            |    35 |    17 |       ||    52
       Falchion          |       |    30 |    54 ||    84
 Cast: Magic Dart        |   105 |   180 |   275 ||   560
       Conjure Flame     |       |     1 |     3 ||     4
       Mephitic Cloud    |       |     1 |     7 ||     8
  Use: Scroll            |     4 |       |     7 ||    11
 Stab: Confused          |       |       |     1 ||     1
Armor: Robe              |    13 |    35 |    42 ||    90
Dodge: Dodged            |    51 |   105 |    83 ||   239
       Rpst.: Falchion   |       |    10 |    24 ||    34
